 Dungeon Crawl Stone Soup version 0.29.1-15-g9cfb28693d (webtiles) character file.

Game seed: 15997825352516816150

480 BuddhaDhamma the Chopper (level 6, -2/56 HPs)
             Began as a Minotaur Berserker on Feb 24, 2023.
             Was a Believer of Trog.
             Engulfed by a steam dragon's steam (6 damage)
             ... on level 5 of the Dungeon.
             The game lasted 00:12:41 (3929 turns).

BuddhaDhamma the Chopper (Minotaur Berserker)       Turns: 3929, Time: 00:12:42

Health: -2/56      AC: 11    Str: 24    XL:     6   Next: 86%
Magic:  5/5        EV:  9    Int:  4    God:    Trog [**....]
Gold:   341        SH:  0    Dex:  9    Spells: 5/5 levels left

rFire   . . .      SeeInvis .   q - +0 war axe
rCold   . . .      Faith    .   (no shield)
rNeg    . . .      Spirit   .   m - +0 chain mail
rPois   .          Reflect  .   (helmet restricted)
rElec   .          Harm     .   (no cloak)
rCorr   .          Rampage  .   (no gloves)
Will    .....                   c - +0 pair of boots
Stlth   ..........              (no amulet)
HPRegen 0.18/turn               (no ring)
MPRegen 0.09/turn               (no ring)

@: no status effects
A: horns 2, retaliatory headbutt
a: Renounce Religion, Berserk, Trog's Hand


You were on level 5 of the Dungeon.
You worshipped Trog.
Trog was pleased with you.
You visited 1 branch of the dungeon, and saw 5 of its levels.

You collected 341 gold pieces.

Inventory:

Hand Weapons
 q - a +0 war axe (weapon)
Missiles
 f - 3 silver javelins (quivered)
Armour
 c - a +0 pair of boots (worn)
 m - a +0 chain mail (worn)
Wands
 r - a wand of roots (9)
 x - a wand of mindburst (6)
 y - a wand of digging (4)
Scrolls
 a - a scroll of acquirement {unknown}
 e - a scroll of teleportation
 i - a scroll of magic mapping {unknown}
 o - a scroll of identify {unknown}
 t - 2 scrolls of butterflies
 u - 2 scrolls of enchant armour {unknown}
 v - a scroll of noise {unknown}
 z - a scroll of blinking {unknown}
 A - a scroll of torment {unknown}
Potions
 b - a potion of lignification {unknown}
 d - 3 potions of mutation {unknown}
 g - 4 potions of heal wounds {unknown}
 h - a potion of degeneration {unknown}
 j - a potion of berserk rage {unknown}
 k - a potion of might
 l - 2 potions of flight {unknown}
 n - 3 potions of invisibility {unknown}
 p - 2 potions of haste {unknown}
 s - a potion of cancellation {unknown}
 w - a potion of brilliance {unknown}


   Skills:
 + Level 5.0 Fighting
 + Level 6.5 Axes
 + Level 5.5 Armour
 + Level 3.1 Dodging
 + Level 0.1 Stealth


You had 5 spell levels left.
You didn't know any spells.
Your spell library was empty.

Dungeon Overview and Level Annotations

Branches:
Dungeon (5/15)
 Temple: D:4-7

Altars:
Cheibriados
Dithmenos
Makhleb
Okawaru


Innate Abilities, Weirdness & Mutations

You have a pair of horns on your head.
You reflexively headbutt those who attack you in melee.


Message History

You hit the steam dragon. You headbutt the steam dragon.
The steam dragon is moderately wounded.
You closely miss the white imp. The steam dragon breathes steam at you.
The ball of steam hits you!
The white imp hits you but does no damage.
You are too injured to fight recklessly!
You are too injured to fight recklessly!
You are too injured to fight recklessly!
The steam dragon bites you. The steam dragon closely misses you.
The white imp hits you. The white imp freezes you.
You closely miss the steam dragon.
The steam dragon is moderately wounded.
You barely miss the white imp.
The steam dragon bites you but does no damage.
The steam dragon claws you. The white imp closely misses you.
You furiously retaliate!
You headbutt the white imp!
You kill the white imp!
Trog accepts your kill.
You barely miss the steam dragon.
The steam dragon is moderately wounded.
You are engulfed in a cloud of scalding steam.
The steam dragon closely misses you. x2
You slash the steam dragon!
The steam dragon is severely wounded.
The steam dragon bites you.
The steam dragon claws you but does no damage.
A white imp comes into view.
The steam dragon closely misses you.
The steam dragon claws you but does no damage.
You hit the steam dragon but do no damage.
The steam dragon is severely wounded.
The steam dragon breathes steam at you. The ball of steam hits you!
* * * LOW HITPOINT WARNING * * *
You hear a bark!
You hit the steam dragon but do no damage.
The steam dragon is severely wounded.
You are engulfed in a cloud of scalding steam.
You die...

########.###.#####.#....
#..................#....
#.................>#....
#..................#....
############'#####'#....
........................
........................
.......§§§..§...........
......D@.§§.............
........§§.§............
........................
........................
........................
....5...................
......################..
...... #.. #..


You could see a steam dragon (catching breath) and a white imp.

Vanquished Creatures
  Edmund (D:5)
  A phantom (D:5)
  4 hounds
  An orc wizard (D:3)
  7 adders
  A white imp (D:5)
  A worm (D:4)
  2 dart slugs
  5 orcs
  2 ball pythons
  7 endoplasms
  4 giant cockroaches
  4 hobgoblins
  2 jackals (D:1)
  6 kobolds
  3 quokkas (D:2)
  2 bats (D:2)
  2 frilled lizards (D:1)
  7 goblins
  5 rats
67 creatures vanquished.

Vanquished Creatures (others)
  4 toadstools (D:1)
  4 withered plants (D:3)
8 creatures vanquished.

Grand Total: 75 creatures vanquished

Notes
Turn   | Place    | Note
-------+----------+-------------------------------------------
     0 | D:1      | BuddhaDhamma the Minotaur Berserker began the quest for the
                  | Orb.
     0 | D:1      | Reached XP level 1. HP: 19/19 MP: 0/0
   718 | D:1      | Reached XP level 2. HP: 27/27 MP: 1/1
   771 | D:1      | Reached skill level 4 in Axes
  1364 | D:2      | Reached XP level 3. HP: 30/33 MP: 2/2
  1885 | D:2      | Reached XP level 4. HP: 41/41 MP: 3/3
  2004 | D:3      | Found an iron altar of Okawaru.
  2088 | D:3      | Reached ** piety under Trog
  2349 | D:3      | Found a snail-covered altar of Cheibriados.
  2357 | D:3      | Found a faded altar of an unknown god.
  2860 | D:4      | Reached skill level 5 in Axes
  2860 | D:4      | Reached XP level 5. HP: 41/47 MP: 4/4
  3284 | D:4      | Found a shadowy altar of Dithmenos.
  3526 | D:5      | Entered Level 5 of the Dungeon
  3581 | D:5      | Noticed Edmund
  3588 | D:5      | Reached XP level 6. HP: 37/55 MP: 5/5
  3593 | D:5      | Killed Edmund
  3594 | D:5      | Reached skill level 5 in Fighting
  3594 | D:5      | Reached skill level 6 in Axes
  3594 | D:5      | Reached skill level 5 in Armour
  3854 | D:5      | Found a burning altar of Makhleb.
  3914 | D:5      | Noticed a steam dragon
  3929 | D:5      | Engulfed by a steam dragon's steam

Illustrated notes

Levels and vault maps discovered:
D:1:      ldierk_water_garden, layout_basic
D:2:      layout_basic, kennysheep_generic_room_8
D:3:      layout_loops_cross, marbit_many_paths, amcnicky_altar_gilded,
          ebering_ecumenical_altar_petrified
D:4:      layout_cave_pods, mainiacjoe_overflow_24_doors
D:5:      layout_gridville, grunt_decor_resistance, hangedman_feature_mirror,
          uniq_edmund

Skill      XL: |  1  2  3  4  5  6 |
---------------+-------------------+-----
Fighting       | 4 5 |  5.0
Axes           | 4 5 6 |  6.5
Armour         | 3 4 5 |  5.5
Dodging        | 3 |  3.1
Stealth        | |  0.1

Action                   |  1- 3 |  4- 6 || total
-------------------------+-------+-------++-------
Melee: Hand axe          |    68 |    14 ||    82
       Headbutt          |    10 |     9 ||    19
       Punch             |     1 |       ||     1
       War axe           |       |    78 ||    78
Invok: Berserk           |       |     2 ||     2
  Use: Scroll            |       |     2 ||     2
Armor: Animal skin       |     3 |       ||     3
       Ring mail         |    20 |       ||    20
       Chain mail        |     4 |    52 ||    56
Dodge: Dodged            |    40 |    49 ||    89
